 Dungeon Crawl Stone Soup version 0.28-a0-664-gc179e30c89 (webtiles) character file.

Game seed: 18097387473885653022

2 flotson the Sneak (level 1, -5/18 HPs)
             Began as a Demonspawn Delver on Oct 15, 2021.
             Killed from afar by an orc wizard (8 damage)
             ... with a puff of flame
             ... on level 3 of the Dungeon.
             The game lasted 00:02:09 (292 turns).

flotson the Sneak (Demonspawn Delver)                Turns: 292, Time: 00:02:10

Health: -5/18      AC:  3    Str: 12    XL:     1   Next: 33%
Magic:  1/1        EV: 11    Int: 11    God:
Gold:   13         SH:  0    Dex: 14    Spells: 0/0 levels left

rFire   . . .      SeeInvis .   a - +0 hand axe
rCold   . . .      Faith    .   (no shield)
rNeg    . . .      Spirit   .   b - +0 leather armour
rPois   .          Reflect  .   (no helmet)
rElec   .          Harm     .   (no cloak)
rCorr   .          Rampage  .   (no gloves)
Will    .....                   (no boots)
Stlth   +++.......              (no amulet)
HPRegen 0.06/turn               (no ring)
MPRegen 0.07/turn               (no ring)

@: no status effects
A: no striking features
a: no special abilities


You were on level 3 of the Dungeon.
You visited 1 branch of the dungeon, and saw 3 of its levels.

You collected 13 gold pieces.

Inventory:

Hand Weapons
 a - a +0 hand axe (weapon)
Armour
 b - a +0 leather armour (worn)
Wands
 g - a wand of digging (3)
Potions
 c - a potion of mutation {unknown}
 d - a potion of heal wounds {unknown}


   Skills:
 + Level 3.0 Fighting
 + Level 1.7 Axes
 + Level 1.7 Dodging
 + Level 4.6 Stealth


You couldn't memorise any spells.
You didn't know any spells.
Your spell library was empty.

Dungeon Overview and Level Annotations

Branches:
Dungeon (5/15)
 Temple: D:4-7

Altars:
Dithmenos
Fedhas

Annotations:
D:3 Dittersdorf's ghost, amateur GrFi
D:5 Ijyb


Message History

No target in view!
HP restored.
c - a brown potion
d - a purple potion The orc wizard shouts!
The orc wizard points at you and mumbles some strange words.
The puff of flame misses you.
You start waiting.
An orc wizard is nearby!
The orc wizard hits you but does no damage.
You hit the orc wizard but do no damage.
The orc wizard closely misses you.
You closely miss the orc wizard. The orc wizard barely misses you.
You hit the orc wizard.
The orc wizard is lightly wounded.
The orc wizard hits you with a +0 dagger. x2
You hit the orc wizard.
The orc wizard is heavily wounded.
The orc wizard barely misses you.
You hit the orc wizard.
The orc wizard is severely wounded.
The orc wizard gestures wildly while chanting.
The orc wizard flickers and vanishes!
Deactivating autopickup; reactivate with Ctrl-A.
You miss something. Something hits you.
You hit something. Something hits you.
You closely miss something. Something hits you.
You hear some strange, mumbled words.
A magic dart appears from out of thin air!
The magic dart hits you.
You barely miss something.
You hear some strange, mumbled words.
A magic dart appears from out of thin air!
The magic dart hits you.
* * * LOW HITPOINT WARNING * * *
You closely miss something.
You hear some strange, mumbled words.
A puff of flame appears from out of thin air!
The puff of flame hits you!
You die...

.##..........###.##
.......≈≈≈≈≈...#..#
......##≈≈≈≈≈≈..#.#
....##.#####≈≈≈...##
...≈≈##.##.#≈≈≈≈...#
...≈≈≈##...#≈≈≈≈...#
..≈≈≈≈≈###.#≈≈≈≈≈..#
..≈≈≈≈≈≈≈#.######..#
..≈≈≈≈≈≈≈#......@..#
.o≈≈≈≈≈≈≈#.######{##
..≈≈≈#####.#≈≈≈≈≈.#
...≈≈#.....#≈≈≈≈..#
...≈≈##..#.#≈≈≈≈.##
#...##.#.###≈≈≈..#
#.....####≈≈≈≈..##
##.....≈≈≈≈≈o..##
##..........###


There were no monsters in sight!

Vanquished Creatures
  An endoplasm (D:3)
  A ball python (D:3)
  A rat (D:3)
3 creatures vanquished.

Notes
Turn   | Place    | Note
-------+----------+-------------------------------------------
     0 | D:5      | flotson the Demonspawn Delver began the quest for the Orb.
     0 | D:5      | Reached XP level 1. HP: 18/18 MP: 1/1
     0 | D:5      | Found a shadowy altar of Dithmenos.
     5 | D:5      | Noticed an iguana
    26 | D:5      | Noticed Ijyb
    36 | D:5      | Found a blossoming altar of Fedhas.
    68 | D:4      | Noticed an orc wizard
    68 | D:4      | Noticed an orc wizard
    68 | D:4      | Noticed an iguana
   134 | D:3      | Noticed Dittersdorf's ghost (amateur GrFi)
   134 | D:3      | Noticed a gnoll sergeant
   292 | D:3      | Killed from afar by an orc wizard

Illustrated notes

Levels and vault maps discovered:
D:3:      layout_basic, lemuel_blue_sif_altar, gammafunk_ghost_split,
          serial_bayou_pond_b, minmay_misc_feat_nine_boxes,
          grunt_decor_junction, kennysheep_doodads, mrwooster_statue_mirror
D:4:      layout_layer_cave, lemuel_tele_altar, minmay_temple_entry_arrows
D:5:      minmay_opposing_rooms, layout_basic,
          mainiacjoe_overflow_concentric_impassable,
          mainiacjoe_overflow_tiny_flanked, led_xom_imps,
          nicolae_dithmenos_through_a_glass_darkly, uniq_ijyb,
          uniq_blork_the_orc

Action                   || total
-------------------------++-------
Melee: Hand axe          ||    15
  Use: Scroll            ||     3
       Potion            ||     1
Armor: Leather armour    ||     5
Dodge: Dodged            ||    12

Table legend: (Time is in decaauts)
 A = Elapsed time spent in this place.
 B = Non-inter-level travel time spent in this place.
 C = Inter-level travel time spent in this place.
 D = Time resting spent in this place.
 E = Time spent auto-exploring this place.
 F = Levels seen in this place.
 G = Mean time per level.
                   A        B        C        D        E       F      G
               +--------+--------+--------+--------+--------+-----+--------+
         Total |    274 |    274 |      0 |      6 |     76 |   3 |   91.3 |
       Dungeon |    274 |    274 |      0 |      6 |     76 |   3 |   91.3 |
               +--------+--------+--------+--------+--------+-----+--------+

Top non-repeatable levels by time:
     D:3: 216 daAuts
     D:5: 55 daAuts
     D:4: 2 daAuts
